 Dungeon Crawl Stone Soup version 0.27.0-1-g7a089689b8 (webtiles) character file.

Game seed: 751602991514204803

357 Konebred the Vexing (level 6, -2/28 HPs)
             Began as a Spriggan Enchanter on Aug 1, 2021.
             Shot with an arrow by a centaur (7 damage)
             ... on level 7 of the Dungeon.
             The game lasted 00:10:10 (3969 turns).

Konebred the Vexing (Spriggan Enchanter)            Turns: 3969, Time: 00:10:11

Health: -2/28      AC:  2    Str:  4    XL:     6   Next: 36%
Magic:  14/14      EV: 17    Int: 18    God:
Gold:   100        SH:  0    Dex: 16    Spells: 6/15 levels left

rFire    . . .     SeeInvis +   a - +1 dagger
rCold    . . .     Faith    .   (shield restricted)
rNeg     . . .     Spirit   .   b - +0 robe
rPois    .         Reflect  .   (helmet restricted)
rElec    .         Harm     .   (no cloak)
rCorr    .         Rampage  .   (gloves unavailable)
Will     +....                  (boots unavailable)
Stlth    +++.......             (no amulet)
HPRegen  0.09/turn              (no ring)
MPRegen  0.14/turn              (no ring)

@: very quick
A: very small, no large weapons, unfitting armour, see invisible, speed 3
a: no special abilities


You were on level 7 of the Dungeon.
You visited 1 branch of the dungeon, and saw 7 of its levels.

You collected 100 gold pieces.

Inventory:

Hand Weapons
 a - a +1 dagger (weapon)
Armour
 b - a +0 robe (worn)
Jewellery
 n - a ring of ice
Wands
 o - a wand of mindburst (12)
Scrolls
 c - 4 scrolls of fear {unknown}
 f - 5 scrolls of identify {unknown}
 h - a scroll of summoning {unknown}
 i - 2 scrolls of blinking {unknown}
 k - a scroll of fog {unknown}
 l - 2 scrolls of teleportation {unknown}
 p - a scroll of enchant weapon {unknown}
Potions
 d - a potion of invisibility {unknown}
 e - a potion of degeneration {unknown}
 g - a potion of magic {unknown}
 j - a potion of resistance {unknown}
 m - 2 potions of cancellation {unknown}


   Skills:
 - Level 2.0 Short Blades
 - Level 2.6 Dodging
 + Level 5.1 Stealth
 - Level 5.0 Spellcasting
 + Level 6.0 Hexes
 - Level 2.1 Ice Magic


You had 6 spell levels left.
You knew the following spells:

 Your Spells              Type           Power      Damage    Failure   Level
a - Corona                Hex            28%        N/A       1%          1
b - Ensorcelled Hibernat  Hex/Ice        38%        N/A       3%          2
c - Confusing Touch       Hex            26%        N/A       3%          3
d - Tukima's Dance        Hex            26%        N/A       3%          3

Your spell library contained the following spells:

 Spells                   Type           Power      Damage    Failure   Level
 Dazzling Flash           Conj/Hex       30%        N/A       12%         3
 Beastly Appendage        Tmut           8%         N/A       13%         1
 Wereblood                Tmut           4%         N/A       21%         2
 Spider Form              Tmut/Pois      2%         N/A       36%         3
 Summon Mana Viper        Hex/Summ       15%        N/A       71%         5
 Summon Forest            Summ/Tloc      2%         N/A       98%         5
 Shadow Creatures         Summ           N/A        N/A       100%        6


Dungeon Overview and Level Annotations

Branches:
Dungeon (7/15)             Temple (0/1) D:7

Altars:
Elyvilon
Makhleb
Ru

Portals:
Abyss: D:3

Annotations:
D:3 2 transporters, Konebred's ghost, amateur HOFi


Innate Abilities, Weirdness & Mutations

You are very small and have problems with some larger weapons.
You are too small for most types of armour.
You have supernaturally acute eyesight. (SInv)
You cover ground extremely quickly. (Speed+++)


Message History

The hornet zombie hits you.
Unknown command.
You barely miss the hornet zombie. The hornet zombie hits you.
The hornet zombie barely misses you.
You hit the hornet zombie but do no damage.
The hornet zombie appears confused.
The hornet zombie closely misses you.
You hit the hornet zombie.
The hornet zombie is lightly damaged.
The hornet zombie hits you.
* * * LOW HITPOINT WARNING * * *
Unknown command.
There is an open door here.
There is a stone staircase leading down here.
You climb downwards.
The centaur skeleton barely misses you. x2
The centaur skeleton hits you.
* * * LOW HITPOINT WARNING * * *
The centaur skeleton kicks you.
* * * LOW HITPOINT WARNING * * *
There is a stone staircase leading up here.
Unknown command.
The centaur skeleton barely misses you. The centaur skeleton misses you.
The iguana hisses angrily.
There is a fountain of sparkling water here.
There is an escape hatch in the ceiling here.
A mysterious force pulls you upwards. The hatch slams shut behind you.
A necrophage comes into view.
Found a scroll labelled TETAT TUESAIBA.
The necrophage hits you.
* * * LOW HITPOINT WARNING * * *
There is a stone staircase leading down here.
You climb downwards.
There is a stone staircase leading up here.
Unknown command.
The orc shouts!
You hear a shout! x2
The orc shouts!
The centaur shouts!
The centaur shoots an arrow.
The arrow closely misses you.
The centaur shoots an arrow.
The arrow misses you.
The centaur shoots an arrow.
The arrow hits you!
You die...

...#...#...# #....###.#####....
...#<.##...## ##l......#........
...####.....#####...#####.###.###
....# ##........#...####..# #..#
....# ########.#....#...## ##.##
#.### #........#### #..# #.#
##o...#..o.o# ##.# #.#
#......c##.#####.. #.#
##@##..####......#. #.# ##.....##
######... ###..##.## ####
#####...###..# # #.....### ##..#
. ####.##### #.# #####....# ..
#.....#### .. #.#####


You could see a centaur, an iguana and 2 orcs.

Vanquished Creatures
  A bullfrog zombie (D:5)
  A hound (D:5)
  Jessica (D:2)
  2 orc wizards (D:2)
  A hound zombie (D:5)
  2 adders
  A white imp (D:7)
  A dart slug (D:2)
  4 orcs
  4 endoplasms (D:1)
  2 giant cockroaches
  6 goblins
  3 hobgoblins (D:2)
  3 jackals (D:2)
  6 kobolds
  A quokka (D:2)
  5 ball pythons
  4 bats
  5 frilled lizards
  3 rats
56 creatures vanquished.

Vanquished Creatures (collateral kills)
  Sigmund (D:2)
1 creature vanquished.

Grand Total: 57 creatures vanquished

Notes
Turn   | Place    | Note
-------+----------+-------------------------------------------
     0 | D:1      | Konebred the Spriggan Enchanter began the quest for the
                  | Orb.
     0 | D:1      | Reached XP level 1. HP: 9/9 MP: 5/5
   435 | D:1      | Reached XP level 2. HP: 13/13 MP: 7/7
   485 | D:1      | Learned a level 2 spell: Ensorcelled Hibernation
   627 | D:1      | Reached skill level 4 in Hexes
  1189 | D:2      | Found a faded altar of an unknown god.
  1252 | D:2      | Reached XP level 3. HP: 13/16 MP: 1/8
  1833 | D:2      | Reached skill level 1 in Ice Magic
  1838 | D:2      | Reached XP level 4. HP: 21/21 MP: 1/10
  2108 | D:2      | Noticed Sigmund
  2125 | D:1      | Learned a level 3 spell: Confusing Touch
  2129 | D:1      | Learned a level 3 spell: Tukima's Dance
  2171 | D:2      | Killed Sigmund
  2172 | D:2      | Reached skill level 5 in Hexes
  2172 | D:2      | Reached XP level 5. HP: 18/24 MP: 4/12
  2271 | D:2      | Noticed Jessica
  2296 | D:2      | Killed Jessica
  2619 | D:3      | Found a sacrificial altar of Ru.
  2742 | D:3      | Found a transporter.
  2747 | D:3      | Noticed a small abomination
  2845 | D:3      | Noticed an ancient zyme
  2873 | D:3      | Found a one-way gate to the infinite horrors of the Abyss.
  2874 | D:3      | Found a transporter.
  2874 | D:3      | Noticed Konebred's ghost (amateur HOFi)
  3255 | D:3      | Reached skill level 5 in Spellcasting
  3255 | D:3      | Reached XP level 6. HP: 28/28 MP: 11/14
  3352 | D:5      | Entered Level 5 of the Dungeon
  3419 | D:5      | Found a white marble altar of Elyvilon.
  3419 | D:5      | Found a burning altar of Makhleb.
  3427 | D:5      | Reached skill level 5 in Stealth
  3559 | D:7      | Reached skill level 6 in Hexes
  3602 | D:7      | Found a staircase to the Ecumenical Temple.
  3716 | D:7      | Noticed a sky beast
  3969 | D:7      | Shot with an arrow by a centaur

Illustrated notes

Levels and vault maps discovered:
D:1:      matt_arrival_grand_opening, layout_basic
D:2:      layout_loops_corners, ebering_ecumenical_altar_box, uniq_jessica,
          uniq_sigmund
D:3:      layout_basic, mainiacjoe_overflow_tiny_flanked,
          gammafunk_ghost_abyssal_escape, chequers_serial_rivers_micro_b
D:4:      layout_cave_pods, serial_shops, shop
D:5:      layout_cave_pools, minitemple, cheibrodos_sewer_entry_sluice
D:6:      layout_basic
D:7:      layout_rooms, minmay_temple_entry_from_below_a, grunt_ministairs_6

Skill      XL: |  1  2  3  4  5  6 |
---------------+-------------------+-----
Spellcasting   | 3 4 5 |  5.0
Hexes          | 4 5 6 |  6.0
Short Blades   | 2 |  2.0
Ice Magic      | 1 2 |  2.1
Stealth        | 5 |  5.1
Dodging        | |  2.6

Action                   |  1- 3 |  4- 6 || total
-------------------------+-------+-------++-------
Melee: Dagger            |    80 |    84 ||   164
 Cast: Corona            |     1 |       ||     1
       Ensorcelled Hiber |    15 |    15 ||    30
       Tukima's Dance    |       |     2 ||     2
       Confusing Touch   |       |     2 ||     2
 Stab: Sleeping          |    16 |    22 ||    38
Armor: Robe              |    13 |     7 ||    20
Dodge: Dodged            |    41 |    70 ||   111
